 Dungeon Crawl Stone Soup version 0.24-a0-812-ga050431 (webtiles) character file.

Game seed: 15128174310818950350, levelgen mode: deterministic

16298 pichaelthompson the Blocker (level 12, 0/96 (97) HPs)
             Began as a Gnoll Fighter on Oct 10, 2019.
             Was a Believer of Ashenzari.
             Slain by Josephine
             ... wielding a +0 dagger
              (1 damage)
             ... on level 2 of the Orcish Mines on Oct 11, 2019.
             The game lasted 00:41:20 (17726 turns).

pichaelthompson the Blocker (Gnoll Fighter)        Turns: 17726, Time: 00:41:21

HP:   0/96 (97)     AC: 21    Str: 20    XL:     12   Next: 36%
MP:   22/22         EV:  8    Int: 15    God:    Ashenzari [**....]
Gold: 1706          SH: 18    Dex: 19    Spells: 25/25 levels left

rFire    + . .     SeeInvis .   x - +1 whip "Okkaghon" {slash, rN+ Int+5 Stlth+} (curse)
rCold    + . .     Gourm    .   i - +0 large shield (curse)
rNeg     + . .     Faith    .   y - +1 plate armour {rC+}
rPois    +         Spirit   .   r - +0 helmet
rElec    .         Reflect  .   Q - +2 cloak {+Inv}
rCorr    .         Harm     .   P - +0 pair of gloves
MR       .....     Clarity  +   (no boots)
Stlth    ..........             n - amulet of the acrobat
HPRegen  0.26/turn              R - ring of protection from fire
MPRegen  0.18/turn              D - ring of poison resistance

@: frozen, slowed, very slow
A: distributed training, fangs 1, hooves 1, blurry vision 1, clarity, wild magic
1, strong nose
a: Curse Item, Scrying, Renounce Religion, Evoke Invisibility


You were on level 2 of the Orcish Mines.
You worshipped Ashenzari.
Ashenzari was pleased with you.
You were not hungry.

You visited 3 branches of the dungeon, and saw 14 of its levels.
You also visited: Bailey.

You collected 1706 gold pieces.

Inventory:

Hand Weapons
 x - the cursed +1 whip "Okkaghon" (weapon) {slash, rN+ Int+5 Stlth+}
   (You found it on level 7 of the Dungeon)

   It inflicts extra damage upon your enemies.
   It affects your intelligence (+5).
   It protects you from negative energy.
   It makes you more stealthy.
   It has a curse placed upon it.
 z - a +4 flail of draining
 K - a +5 falchion of freezing
Missiles
 w - 15 boomerangs (quivered)
Armour
 i - a cursed +0 large shield (worn)
 r - a +0 helmet (worn)
 y - a +1 plate armour of cold resistance (worn)
 P - a +0 pair of gloves (worn)
 Q - a +2 cloak of invisibility (worn)
Jewellery
 n - an amulet of the acrobat (around neck)
 A - an uncursed ring of protection from fire
 D - a ring of poison resistance (right hand)
 F - an uncursed ring of positive energy
 R - a ring of protection from fire (left hand)
Wands
 b - a wand of disintegration (8)
 G - a wand of flame (22)
 L - a wand of paralysis (7)
 N - a wand of iceblast (12)
Scrolls
 a - a scroll of amnesia {unknown}
 c - 2 scrolls of random uselessness {unknown}
 e - 6 scrolls of identify {unknown}
 g - 2 scrolls of enchant weapon {unknown}
 h - 8 scrolls of remove curse
 k - 2 scrolls of noise {unknown}
 l - 4 scrolls of fog {unknown}
 m - a scroll of immolation {unknown}
 p - 4 scrolls of magic mapping {unknown}
 s - 7 scrolls of teleportation
 u - 4 scrolls of enchant armour {unknown}
 v - 3 scrolls of fear {unknown}
 C - a scroll of brand weapon {unknown}
 E - a scroll of silence {unknown}
 J - 2 scrolls of blinking {unknown}
 M - a scroll of acquirement {unknown}
Potions
 d - 5 potions of might
 j - a potion of magic
 o - 3 potions of curing
 q - 3 potions of haste
 t - a potion of invisibility {unknown}
 H - a potion of ambrosia {unknown}
 I - 2 potions of flight {unknown}
 O - a potion of degeneration {unknown}
 S - a potion of cancellation
Comestibles
 f - 26 rations
 B - 5 chunks of flesh


   Skills:
 + Level 9.7 Fighting
 + Level 7.1 Short Blades
 + Level 7.1 Long Blades
 + Level 7.1 Axes
 + Level 7.1(9.4) Maces & Flails
 + Level 8.5 Polearms
 + Level 7.1 Staves
 + Level 7.1 Slings
 + Level 7.1 Bows
 + Level 7.1 Crossbows
 + Level 7.1 Throwing
 + Level 9.7 Armour
 + Level 7.1 Dodging
 + Level 7.1 Stealth
 + Level 9.7(11.0) Shields
 + Level 7.1 Unarmed Combat
 + Level 7.1 Spellcasting
 + Level 5.9 Conjurations
 + Level 5.9 Hexes
 + Level 5.9 Charms
 + Level 5.9 Summonings
 + Level 5.9 Necromancy
 + Level 5.9 Translocations
 + Level 5.9 Transmutations
 + Level 5.9 Fire Magic
 + Level 5.9 Ice Magic
 + Level 5.9 Air Magic
 + Level 5.9 Earth Magic
 + Level 5.9 Poison Magic
 + Level 7.7 Invocations
 + Level 7.1 Evocations


You had 25 spell levels left.
You didn't know any spells.
Your spell library contained the following spells:

 Spells                   Type           Power        Failure   Level  Hunger
 Beastly Appendage        Tmut           ####..       83%         1    None
 Corona                   Hex            ####...      83%         1    None
 Ensorcelled Hibernation  Hex/Ice        ####..       92%         2    None
 Sticks to Snakes         Tmut           ####....     92%         2    None
 Confuse                  Hex            ####....     99%         3    ##.....
 Dazzling Spray           Conj/Hex       ####..       99%         3    ##.....
 Ignite Poison            Fire/Tmut/Pois ####....     99%         3    ##.....
 Spider Form              Tmut/Pois      ####......   99%         3    ##.....
 Tukima's Dance           Hex            ####....     99%         3    ##.....
 Ice Form                 Ice/Tmut       ####....     100%        4    ####...
 Blade Hands              Tmut           ####......   100%        5    #####..
 Fireball                 Conj/Fire      ####......   100%        5    #####..
 Bolt of Fire             Conj/Fire      ####......   100%        6    #######
 Ring of Flames           Chrm/Fire      ####......   100%        7    #######
 Ignition                 Fire           ####......   100%        8    #######


Dungeon Overview and Level Annotations

Branches:
Dungeon (11/15)            Temple (1/1) D:7            Lair (0/6) D:9
    Orc (2/2) D:10         Bailey (visited)
    Elf: Orc:2

Altars:
Ashenzari
Dithmenos
Kikubaaqudgha
Nemelex Xobeh
Qazlal
Sif Muna
Vehumet
Wu Jian
Xom
Zin
The Shining One
Beogh

Shops:
D:7 *   D:11 =

Portals:
Ice
Cave: Orc:2

Annotations:
Orc:2 Josephine


Innate Abilities, Weirdness & Mutations

Your experience applies equally to all skills.
You have very sharp teeth.
Your uncanny sense of smell can sniff out nearby items.
You have large cloven feet.
Scrolls take you a little longer to read.
You possess an exceptional clarity of mind.
Your spells are a little harder to cast, but a little more powerful.


Message History

* * * LOW HITPOINT WARNING * * *
You are encased in ice.
Josephine is infused with unholy energy.
* * * LOW HITPOINT WARNING * * *
Josephine draws life force from you and is healed!
The wraith hits you but does no damage. You block the rime drake's attack.
You block the wraith's attack. You block Josephine's attack.
The rime drake bites you.
* * * LOW HITPOINT WARNING * * *
The wraith hits you but does no damage.
You begin reading the scroll.
You continue reading the scroll.
Josephine hits you but does no damage. You block the rime drake's attack.
You block the wraith's attack. The rime drake bites you.
* * * LOW HITPOINT WARNING * * *
The wraith hits you.
* * * LOW HITPOINT WARNING * * *
The wraith drains your vigour!
You feel as though you will be slow longer.
You block the wraith's attack. Josephine hits you with a +0 dagger.
You die...

* , , ,
*.............###. * ,..
#####.......$.....##.
...#....................
,
...≈$........).)........
,
....#≈.$.....#))........
#..≈#≈.<....#.......$..
#...≈#.....##.[).......
#....k≈........#.......
,,
#∩...k@W...##.#........ ,
,≈#####@WW...##..........
, ≈ ≈≈..W................
, ......................
........................
,,
....#...................
,
,.#.................#.#.
*.....#......$. , , ,


You could see Josephine, 2 rime drakes and 4 wraiths.

Vanquished Creatures
  Harold (D:7)
  A hydra (D:9)
  3 two-headed ogres
  Nergalle (D:10)
  An unseen horror (D:10)
  An orc sorcerer (D:10)
  An ugly thing (D:11)
  A kobold demonologist (D:10)
  A komodo dragon (D:9)
  4 trolls
  A hornet (D:10)
  Grinder (D:5)
  2 hippogriffs
  2 wyverns
  11 yaks
  2 basilisks (D:9)
  A hungry ghost (D:10)
  Menkaure (D:4)
  2 water moccasins
  3 porcupines (D:9)
  3 ice beasts
  2 sky beasts
  A necrophage (D:11)
  12 orc warriors
  2 phantoms
  2 centaurs
  9 ogres
  3 crocodiles
  2 big kobolds
  5 bullfrogs
  5 scorpions
  3 killer bees (D:9)
  A water moccasin skeleton (D:5)
  7 wights (D:9)
  3 howler monkeys
  3 crimson imps
  A bullfrog zombie (D:5)
  A quasit (D:11)
  4 hounds
  4 jellies
  9 orc priests
  2 centaur skeletons
  Jessica (D:2)
  2 iguanas
  19 orc wizards
  2 worker ants
  Robin (D:4)
  A howler monkey skeleton (D:9)
  12 gnolls
  6 adders
  4 shadow imps
  3 adder skeletons
  An adder zombie (D:8)
  5 worms
  2 dart slugs
  3 leopard geckos (D:4)
  60 orcs
  8 giant cockroaches
  24 goblins
  14 hobgoblins
  23 jackals
  37 kobolds
  3 quokkas
  2 ball pythons
  8 bats
  3 frilled lizards
  A leopard gecko skeleton (D:7)
  A leopard gecko zombie (D:6)
  2 quokka skeletons
  3 rats
  A bush (D:5)
377 creatures vanquished.

Vanquished Creatures (others)
  A wyvern skeleton (D:11)
  3 fungi (D:9)
  10 plants (D:9)
14 creatures vanquished.

Grand Total: 391 creatures vanquished

Notes
Turn   | Place    | Note
-------+----------+-------------------------------------------
     0 | D:1      | pichaelthompson the Gnoll Fighter began the quest for the
                  | Orb.
     0 | D:1      | Reached XP level 1. HP: 23/23 MP: 1/1
   146 | D:1      | Reached XP level 2. HP: 29/29 MP: 2/2
   501 | D:1      | Reached XP level 3. HP: 35/35 MP: 3/3
   972 | D:2      | Reached skill level 1 in Invocations
  1302 | D:2      | Reached skill level 1 in Short Blades
  1302 | D:2      | Reached skill level 1 in Long Blades
  1302 | D:2      | Reached skill level 1 in Axes
  1302 | D:2      | Reached skill level 1 in Maces & Flails
  1302 | D:2      | Reached skill level 1 in Staves
  1302 | D:2      | Reached skill level 1 in Slings
  1302 | D:2      | Reached skill level 1 in Bows
  1302 | D:2      | Reached skill level 1 in Crossbows
  1302 | D:2      | Reached skill level 1 in Throwing
  1302 | D:2      | Reached skill level 1 in Dodging
  1302 | D:2      | Reached skill level 1 in Stealth
  1302 | D:2      | Reached skill level 1 in Unarmed Combat
  1302 | D:2      | Reached skill level 1 in Spellcasting
  1302 | D:2      | Reached skill level 1 in Evocations
  1433 | D:2      | Reached XP level 4. HP: 41/41 MP: 5/5
  1802 | D:2      | Noticed Jessica
  1809 | D:2      | Killed Jessica
  1809 | D:2      | Reached skill level 1 in Conjurations
  1809 | D:2      | Reached skill level 1 in Hexes
  1809 | D:2      | Reached skill level 1 in Charms
  1809 | D:2      | Reached skill level 1 in Summonings
  1809 | D:2      | Reached skill level 1 in Necromancy
  1809 | D:2      | Reached skill level 1 in Translocations
  1809 | D:2      | Reached skill level 1 in Transmutations
  1809 | D:2      | Reached skill level 1 in Fire Magic
  1809 | D:2      | Reached skill level 1 in Ice Magic
  1809 | D:2      | Reached skill level 1 in Air Magic
  1809 | D:2      | Reached skill level 1 in Earth Magic
  1809 | D:2      | Reached skill level 1 in Poison Magic
  2150 | D:3      | Reached XP level 5. HP: 43/47 MP: 6/6
  2314 | D:3      | HP: 1/47 [gnoll/+2 flail of protection (5)]
  2683 | D:3      | Found a stormy altar of Qazlal.
  3238 | D:4      | Found an ancient bone altar of Kikubaaqudgha.
  3280 | D:4      | Reached XP level 6. HP: 46/53 MP: 8/8
  3390 | D:4      | Reached skill level 5 in Polearms
  3737 | D:4      | Found a shadowy altar of Dithmenos.
  3752 | D:4      | Reached XP level 7. HP: 27/59 MP: 10/10
  4120 | D:4      | Noticed Menkaure
  4121 | D:4      | Noticed Robin
  4145 | D:4      | Killed Robin
  4148 | D:4      | Killed Menkaure
  4611 | D:5      | Entered Level 5 of the Dungeon
  4612 | D:5      | Noticed Grinder
  4662 | D:5      | Paralysed by Grinder for 3 turns
  4671 | D:5      | Paralysed by Grinder for 5 turns
  4707 | D:5      | Killed Grinder
  4707 | D:5      | Reached XP level 8. HP: 13/67 MP: 10/12
  5658 | D:5      | You fall into a shaft and drop 1 floor!
  5915 | D:5      | Found an ornate altar of the Wu Jian Council.
  6456 | D:6      | Upgraded the game from 0.24-a0-789-g35933f4 to
                  | 0.24-a0-812-ga050431
  7066 | D:7      | Found a staircase to the Ecumenical Temple.
  7084 | Temple   | Entered the Ecumenical Temple
  7136 | Temple   | Became a worshipper of Ashenzari the Shackled
  7190 | D:7      | Reached XP level 9. HP: 67/72 MP: 14/14
  7298 | D:7      | Found a flagged portal.
  7305 | Bailey   | Entered a bailey
  7757 | Bailey   | Gained mutation: Your system is resistant to poisons.
                  | (rPois) [potion of mutation]
  7757 | Bailey   | Gained mutation: Your spells are a little harder to cast,
                  | but a little more powerful. [potion of mutation]
  7796 | D:7      | Found Hyoschaill's Serpentskin Sales.
  7906 | D:7      | Found a shimmering altar of Xom.
  7906 | D:7      | Found a glowing silver altar of Zin.
  7906 | D:7      | Noticed an angel
  7935 | D:7      | Got the cursed whip "Okkaghon" {slash, rN+ Int+5 Stlth+}
  7936 | D:7      | Identified the cursed +1 whip "Okkaghon" {slash, rN+ Int+5
                  | Stlth+} (You found it on level 7 of the Dungeon)
  8155 | D:7      | Noticed Harold
  8205 | D:7      | Killed Harold
  8205 | D:7      | Reached skill level 5 in Invocations
  8208 | D:7      | Lost mutation: Your system is resistant to poisons. (rPois)
                  | [potion of mutation]
  8208 | D:7      | Lost mutation: Your spells are a little harder to cast, but
                  | a little more powerful. [potion of mutation]
  8208 | D:7      | Gained mutation: Your spells are a little harder to cast,
                  | but a little more powerful. [potion of mutation]
  8208 | D:7      | Gained mutation: Scrolls take you a little longer to read.
                  | [potion of mutation]
  8208 | D:7      | Gained mutation: You have large cloven feet. [potion of
                  | mutation]
  8208 | D:7      | Gained mutation: You possess an exceptional clarity of
                  | mind. [potion of mutation]
  8593 | D:8      | Reached XP level 10. HP: 65/80 MP: 15/17
  8603 | D:8      | Found a shimmering blue altar of Sif Muna.
  8677 | D:8      | Reached * piety under Ashenzari
  9271 | D:8      | Noticed a two-headed ogre
  9287 | D:8      | Killed a two-headed ogre
  9287 | D:8      | Reached skill level 5 in Short Blades
  9287 | D:8      | Reached skill level 5 in Long Blades
  9287 | D:8      | Reached skill level 5 in Axes
  9287 | D:8      | Reached skill level 5 in Maces & Flails
  9287 | D:8      | Reached skill level 5 in Staves
  9287 | D:8      | Reached skill level 5 in Slings
  9287 | D:8      | Reached skill level 5 in Bows
  9287 | D:8      | Reached skill level 5 in Crossbows
  9287 | D:8      | Reached skill level 5 in Throwing
  9287 | D:8      | Reached skill level 5 in Dodging
  9287 | D:8      | Reached skill level 5 in Stealth
  9287 | D:8      | Reached skill level 5 in Unarmed Combat
  9287 | D:8      | Reached skill level 5 in Spellcasting
  9287 | D:8      | Reached skill level 5 in Evocations
 10017 | D:9      | Noticed an eight-headed hydra
 10569 | D:9      | Killed an eight-headed hydra
 11056 | D:9      | Reached XP level 11. HP: 73/87 MP: 19/19
 11206 | D:9      | HP: 4/87 [acid (7)]
 12141 | D:9      | Found a staircase to the Lair.
 12255 | D:9      | Reached skill level 5 in Conjurations
 12255 | D:9      | Reached skill level 5 in Hexes
 12255 | D:9      | Reached skill level 5 in Charms
 12255 | D:9      | Reached skill level 5 in Summonings
 12255 | D:9      | Reached skill level 5 in Necromancy
 12255 | D:9      | Reached skill level 5 in Translocations
 12255 | D:9      | Reached skill level 5 in Transmutations
 12255 | D:9      | Reached skill level 5 in Fire Magic
 12255 | D:9      | Reached skill level 5 in Ice Magic
 12255 | D:9      | Reached skill level 5 in Air Magic
 12255 | D:9      | Reached skill level 5 in Earth Magic
 12255 | D:9      | Reached skill level 5 in Poison Magic
 12296 | D:9      | Paralysed by fainting for 5 turns
 13019 | D:10     | Entered Level 10 of the Dungeon
 13675 | D:10     | Paralysed by a hornet for 1 turns
 14189 | D:10     | Killed an unseen horror
 14689 | D:10     | Reached ** piety under Ashenzari
 14744 | D:10     | Found a staircase to the Orcish Mines.
 15160 | D:11     | Noticed a two-headed ogre
 15208 | D:10     | Killed a two-headed ogre
 15695 | D:11     | Found Yngabbac's Jewellery Boutique.
 15852 | D:11     | Noticed a two-headed ogre
 15865 | D:11     | Killed a two-headed ogre
 15865 | D:11     | Reached XP level 12. HP: 85/95 MP: 22/22
 16505 | Orc:1    | Entered Level 1 of the Orcish Mines
 16740 | Orc:1    | Noticed Nergalle
 17053 | D:10     | Killed Nergalle
 17354 | Orc:1    | Found a roughly hewn altar of Beogh.
 17610 | Orc:2    | Entered Level 2 of the Orcish Mines
 17700 | Orc:2    | Found a frozen archway.
 17702 | Orc:2    | Noticed Josephine
 17726 | Orc:2    | HP: 3/96 [rime drake (4)]
 17726 | Orc:2    | HP: 1/96 [wraith[Josephine] (2)]
 17726 | Orc:2    | Slain by Josephine

Levels and vault maps discovered:
D:1:      wander_arrival_lonely_grave, layout_basic, hex_medium,
          interstate_on_off, minmay_misc_feat_square
D:2:      kb_forest_paths, layout_basic, uniq_jessica
D:3:      layout_loops_ring, nicolae_overflow_crystal_walls, first_ration
D:4:      layout_rooms, nicolae_dithmenos_shadow_blocks, lemuel_doored_altar,
          uniq_robin, uniq_menkaure
D:5:      layout_basic, kennysheep_mini, minmay_hedge_maze, uniq_grinder
D:6:      layout_layer_cave, kennysheep_generic_room_6
D:7:      layout_loops_ring, grunt_temple_overflow_order_and_chaos_1,
          minmay_temple_entry_arrows, enter_bailey_3, guppyfry_shop_venom,
          uniq_harold
D:8:      layout_gridville, overflow_temple_1_default
D:9:      layout_irregular_city, minmay_lair_entry_grove
D:10:     layout_gridville, david_orc_2
D:11:     layout_cave_pools, serial_shops, shop, grunt_ogre_cave
Temple:   regret_index_temple_generic_petals
Orc:1:    layout_diamond_mine, basic_altar, uniq_urug, uniq_nergalle
Orc:2:    st_orc_pillars, layout_diamond_mine, portal_ice_cave_rime,
          uniq_donald, uniq_josephine, uniq_azrael, uniq_saint_roka

Skill      XL: |  1  2  3  4  5  6  7  8  9 10 11 12 |
---------------+-------------------------------------+-----
Invocations    | 1 2 3 4 5 6 7 |  7.7
Short Blades   | 1 2 3 4 5 6 7 |  7.1
Long Blades    | 1 2 3 4 5 6 7 |  7.1
Axes           | 1 2 3 4 5 6 7 |  7.1
Maces & Flails | 1 2 3 4 5 6 7 |  7.1
Staves         | 1 2 3 4 5 6 7 |  7.1
Slings         | 1 2 3 4 5 6 7 |  7.1
Bows           | 1 2 3 4 5 6 7 |  7.1
Crossbows      | 1 2 3 4 5 6 7 |  7.1
Throwing       | 1 2 3 4 5 6 7 |  7.1
Dodging        | 1 2 3 4 5 6 7 |  7.1
Stealth        | 1 2 3 4 5 6 7 |  7.1
Unarmed Combat | 1 2 3 4 5 6 7 |  7.1
Spellcasting   | 1 2 3 4 5 6 7 |  7.1
Evocations     | 1 2 3 4 5 6 7 |  7.1
Conjurations   | 1 2 3 4 5 |  5.9
Hexes          | 1 2 3 4 5 |  5.9
Charms         | 1 2 3 4 5 |  5.9
Summonings     | 1 2 3 4 5 |  5.9
Necromancy     | 1 2 3 4 5 |  5.9
Translocations | 1 2 3 4 5 |  5.9
Transmutations | 1 2 3 4 5 |  5.9
Fire Magic     | 1 2 3 4 5 |  5.9
Ice Magic      | 1 2 3 4 5 |  5.9
Air Magic      | 1 2 3 4 5 |  5.9
Earth Magic    | 1 2 3 4 5 |  5.9
Poison Magic   | 1 2 3 4 5 |  5.9
Polearms       | 5 6 7 8 |  8.5
Fighting       | 7 8 9 |  9.7
Armour         | 7 8 9 |  9.7
Shields        | 7 8 9 |  9.7

Action                   |  1- 3 |  4- 6 |  7- 9 | 10-12 || total
-------------------------+-------+-------+-------+-------++-------
Melee: Trident           |    99 |   135 |    99 |       ||   333
       Bite              |     6 |    25 |    71 |   197 ||   299
       Flail             |       |    76 |   350 |       ||   426
       Whip              |       |       |    85 |  1204 ||  1289
       Kick              |       |       |     6 |   564 ||   570
Throw: Boomerang         |       |       |       |     8 ||     8
Invok: Curse Item        |       |       |     1 |       ||     1
Evoke: Wand              |       |       |     5 |     8 ||    13
  Use: Potion            |       |     2 |     4 |     1 ||     7
       Scroll            |       |       |       |     2 ||     2
 Stab: Paralysed         |       |       |       |     5 ||     5
  Eat: Chunk             |     1 |     5 |    15 |    29 ||    50
       Ration            |       |     1 |       |     2 ||     3
Armor: Scale mail        |    18 |    24 |       |       ||    42
       Chain mail        |       |    36 |   167 |       ||   203
       Plate armour      |       |       |    19 |   571 ||   590
Dodge: Dodged            |    11 |    31 |   116 |   230 ||   388
Block: Shield            |     4 |       |       |       ||     4
       Large shield      |    57 |   169 |   463 |  1156 ||  1845

Table legend:
 A = Non-vault XP
 B = Vault XP
 C = Vault XP percentage of total XP
 D = Non-vault monster count
 E = Vault monster count
 F = Vault count percentage of total count
                 A         B        C        D         E       F
            +---------+---------+-------+---------+---------+-------
      Total |   17126 |    6157 |  26.4 |     293 |      83 |  22.1
            +---------+---------+-------+---------+---------+-------
        D:1 |      41 |       0 |   0.0 |      24 |       0 |   0.0
        D:2 |      52 |      52 |  50.0 |      19 |       7 |  26.9
        D:3 |      94 |       0 |   0.0 |      20 |       0 |   0.0
        D:4 |     496 |     210 |  29.7 |      26 |      13 |  33.3
        D:5 |     440 |     272 |  38.2 |      15 |       1 |   6.2
        D:6 |     432 |       0 |   0.0 |      21 |       0 |   0.0
        D:7 |     610 |    1192 |  66.1 |      18 |       8 |  30.8
        D:8 |    2020 |       0 |   0.0 |      23 |       0 |   0.0
        D:9 |    4001 |    1900 |  32.2 |      30 |      12 |  28.6
       D:10 |    5377 |     985 |  15.5 |      45 |       9 |  16.7
       D:11 |    1768 |     910 |  34.0 |      23 |       1 |   4.2
     Temple |       2 |       0 |   0.0 |       1 |       0 |   0.0
      Orc:1 |     862 |       0 |   0.0 |      18 |       0 |   0.0
      Orc:2 |     931 |       0 |   0.0 |      10 |       0 |   0.0
     Bailey |       0 |     636 | 100.0 |       0 |      32 | 100.0
            +---------+---------+-------+---------+---------+-------
